Unix xNetHack Version 7.1.0 - last build Dec 11 2022 15:18:36 (91bc4d2507b4b34ac92889b06d50a936f6bde808). Game began 2022-12-31 23:42:06, ended 2022-12-31 23:51:34. UristMcRaven, chaotic female elven Wizard ########## # # -----|------.-- # #..............| - ####|.............| ## #..............| # #|.......<.....| ## *--------------- ## # -------- ## ## +.......###### # |{.....|# #### ---------## |....... #####|.......-# .G..%@.| #........| |.(..... |..{....| ----.--- --------- # UristMcRaven the Conjurer St:8 Dx:18 Co:11 In:19 Wi:8 Ch:11 Chaotic Dlvl:3 $:824 HP:0(20) Pw:39(39) AC:10 Xp:3/76 T:1171 Satiated Latest messages: The door resists! The door resists! The door resists! The door resists! The door resists! You hear a door open. That door is closed. The door resists! The door opens. In what direction? The spell hits the acid blob! You kill the acid blob! You hear a door open. With great effort you move the boulder. In what direction? The boulder falls apart. You see here 35 rocks. You feel full of energy. You see here 35 rocks. The door resists! The door opens. You begin bashing monsters with your bare hands. You hit the iguana. In what direction? The spell hits the iguana! You kill the iguana! You hear a door open. $ - 11 gold pieces {0}. In what direction? The spell hits the yellow mold! You kill the yellow mold! A door appears in the wall! The door crashes open! You see here a yellow mold corpse. You see here a yellow mold corpse. There is an altar to Anhur (chaotic) here. You see here a large box. Hmmm, the large box turns out to be locked. The gnome zaps a gold wand! The wand hits you! The gnome zaps a gold wand! The wand hits you! The gnome zaps a gold wand! The wand hits you! You die... Do you want your possessions identified? [ynq] (y) Do you want to see your attributes? [ynq] (y) Do you want an account of creatures vanquished? [ynaq] (y) Do you want to see your conduct and achievements? [ynq] (y) Do you want to see the dungeon overview? [ynq] (y) Major events: Turn 1: UristMcRaven the chaotic female elven Wizard entered the dungeon 544: attained the rank of Conjurer (level 3) 1171: killed by a wand Inventory: Inventory: 309/525 weight (18/52 slots) Coins ('$') $ - 824 gold pieces {8} Weapons (')') v - 2 uncursed +0 darts {2} x - 7 blessed +0 darts {7} Armor ('[') b - an uncursed +0 cloak of magic resistance {10} Comestibles ('%') h - 2 uncursed candy bars labeled "Chocolate Nuggie" {4} k - 3 cursed food rations {60} m - 2 uncursed lichen corpses {40} Spellbooks ('+') d - a blessed spellbook of magic missile {40} Wands ('/') i - a cursed wand of sleep (0:4) {7} l - an uncursed wand of slow monster (0:8) {7} Rings ('=') o - a cursed ring of hunger {3} t - an uncursed ring of cold resistance {3} Potions ('!') j - an uncursed potion of oil {20} p - 2 blessed potions of gain ability {40} q - an uncursed potion of extra healing {20} Tools ('(') g - an uncursed bell {30} u - a cursed towel {5} Gems/Stones ('*') r - 2 uncursed worthless pieces of blue glass {2} w - a cursed worthless piece of blue glass {1} UristMcRaven the Wizard's attributes: Background: You were a Conjurer, a level 3 female elven Wizard. You were chaotic, on a mission for Anhur who was opposed by Ptah (lawful) and Thoth (neutral). You were heterosexual. You were in the Dungeons of Doom, on level 3. You entered the dungeon 1171 turns ago. It was nighttime. You had 76 experience points, 4 more were needed to attain level 4. Basics: You had 0 out of 20 hit points. You had all 39 energy points (spell power). Your armor class was 10. Your wallet contained 824 zorkmids. Autopickup was on for '$"=/!?+' plus thrown, with exceptions. Final Characteristics: Your strength was 8 (limit:18). Your dexterity was 18 (limit:18). Your constitution was 11 (limit:16). Your intelligence was 19 (limit:20). Your wisdom was 8 (limit:20). Your charisma was 11 (limit:18). Final Status: You were satiated. You were unencumbered. You were bare handed. You were unskilled in bare handed combat. You were not wearing any armor. Final Attributes: You were devoutly aligned. You had infravision. You were harmed by iron. You are dead. Miscellaneous: You disabled loading of bones levels. Total elapsed playing time was 9 minutes and 28 seconds. Vanquished creatures: an iguana an acid blob a yellow mold a red mold 7 jackals a fox 2 kobolds 2 goblins a sewer rat 3 grid bugs a bat 3 lichens a kobold zombie 2 newts 27 creatures vanquished. No species were genocided or became extinct. Voluntary challenges: You never hit with a wielded weapon. You read items or engraved 1 time. You never genocided any monsters. You never polymorphed an object. You never changed form. You never touched an artifact. You used no wishes. You never owned a pet. You never scared an enemy with impunity. You were celibate. You never generated conflict. Achievement: You attained the rank of Conjurer. The Dungeons of Doom: levels 1 to 3 Level 1: "vault tp" A sink, a tree. Level 2: An altar to Anhur, some fountains, a sink. Level 3: <- You were here. An altar to Anhur, some fountains. Final resting place for you, killed by a wand. Game over: __________ / \ / REST \ / IN \ / PEACE \ / \ | UristMcRaven | | 824 Au | | killed by a wand | | | | | | | | 2022 | *| * * * | * _________)/\\_//(\/(/\)/\//\/|_)_______ Goodbye UristMcRaven the Wizard... You died in The Dungeons of Doom on dungeon level 3 with 1156 points, and 824 pieces of gold, after 1171 moves. You were level 3 with a maximum of 20 hit points when you died.